 Dungeon Crawl Stone Soup version 0.20-a0-502-g555d78b (webtiles) character file.

166983 terra52 the Blocker (level 17, -10/94 HPs)
             Began as a Vine Stalker Fighter on Jan 21, 2017.
             Was the Champion of Zin.
             Mangled by a deep elf blademaster
             ... wielding a +0 rapier
              (12 damage)
             ... on level 3 of the Elven Halls.
             The game lasted 03:14:04 (24409 turns).

terra52 the Blocker (Vine Stalker Fighter)         Turns: 24409, Time: 03:14:05

Health: -10/94     AC: 28    Str: 20    XL:     17   Next: 61%
Magic:  0/34       EV:  8    Int:  6    God:    Zin [******]
Gold:   1120       SH: 22    Dex: 18    Spells: 16/16 levels left

rFire    . . .     SeeInvis .   q - +10 scimitar "Acoizeuf" {holy, *Drain +Blink MR+++ Str-3}
rCold    . . .     Gourm    .   R - +6 chain mail "Oklik" {Regen+ rCorr Dex+2}
rNeg     . . .     Faith    .   x - +3 large shield
rPois    .         Spirit   +   I - +2 hat {MR+}
rElec    .         Reflect  .   a - +2 cloak {+Inv}
rCorr    +         Harm     .   o - +2 pair of gloves
MR       +++++     Rnd*Rage +   (no boots)
Stlth    ..........             A - necklace of Bloodlust {*Rage +Rage MR++ Int-3 Slay+6 *Curse}
Regen    1.5/turn               t - +2 ring of protection
                                e - ring of magical power

@: lethally poisoned (-10 -> -10), exhausted, short of breath, slowed, drained,
very slow
A: fangs 3, regeneration 2, magic shield, antimagic bite, no potion heal 3, rot
immunity
}: 1/15 runes: decaying
a: Recite, Vitalisation, Imprison, Sanctuary, Donate Gold, Cure All Mutations,
Renounce Religion, Evoke Blink, Evoke Berserk Rage, Evoke Invisibility


You were on level 3 of the Elven Halls.
You worshipped Zin.
Zin was exalted by your worship.
You were not hungry.

You visited 6 branches of the dungeon, and saw 29 of its levels.
You also visited: Labyrinth.

You collected 2651 gold pieces.
You spent 1360 gold pieces at shops.
You donated 171 gold pieces to Zin.

Inventory:

Hand Weapons
 q - the +10 scimitar "Acoizeuf" (weapon) {holy, *Drain +Blink MR+++ Str-3}
   (You found it on level 1 of the Swamp)

   It has been blessed by the Shining One to cause great damage to the undead
   and demons.
   It affects your strength (-3).
   It affects your resistance to hostile enchantments.
   It lets you blink.
   It causes draining when unequipped.
 G - the +8 hand crossbow of Ysaici Hobli {elec, rF+ Int+3 Dex+4 SInv}
   (You bought it in a shop on level 2 of the Orcish Mines)

   It charges the ammunition it shoots with electricity; occasionally upon a
   hit, such missiles may discharge and cause terrible harm.
   It affects your intelligence (+3).
   It affects your dexterity (+4).
   It protects you from fire.
   It lets you see invisible.
 L - a +3 hand axe of freezing
 M - a +0 hand crossbow of velocity
 P - a +1 flail of holy wrath
 V - the +7 flail "Banehed" {freeze, Stlth+}
   (You found it on level 2 of the Elven Halls)

   It has been specially enchanted to freeze those struck by it, causing extra
   injury to most foes and up to half again as much damage against particularly
   susceptible opponents.
   It can also slow down cold-blooded creatures.
   It makes you more stealthy.
 Y - a +8 morningstar of venom
Missiles
 b - 278 bolts
 g - 7 javelins
 H - 2 javelins of returning (quivered)
Armour
 a - a +2 cloak of invisibility (worn)
 o - a +2 pair of gloves (worn)
 x - a +3 large shield (worn)
 I - a +2 hat of magic resistance (worn)
 R - the +6 chain mail "Oklik" (worn) {Regen+ rCorr Dex+2}
   (You bought it in a shop on level 7 of the Dungeon)

   It affects your dexterity (+2).
   It increases your rate of regeneration.
   It protects you from acid and corrosion.
Jewellery
 e - a ring of magical power (left hand)
 t - a +2 ring of protection (right hand)
 A - the necklace of Bloodlust (around neck) {*Rage +Rage MR++ Int-3 Slay+6 *Curse}
   (You found it on level 6 of the Lair of Beasts)

   [amulet of rage]

   It affects your intelligence (-3).
   It affects your accuracy and damage with ranged weapons and melee attacks
   (+6).
   It affects your resistance to hostile enchantments.
   It lets you go berserk.
   It may make you go berserk in combat.
   It may re-curse itself when equipped.
 J - an uncursed ring of protection from cold
 O - an uncursed ring of positive energy
 T - an uncursed ring of see invisible
 X - an uncursed ring of poison resistance
Wands
 c - a wand of iceblast (4/15)
 y - a wand of lightning (4/15)
 B - a wand of acid (5/15)
Scrolls
 h - 7 scrolls of remove curse
 i - 12 scrolls of teleportation
 k - 5 scrolls of magic mapping
 v - 2 scrolls of enchant weapon
 z - 4 scrolls of amnesia
 C - 2 scrolls of recharging
 D - 2 scrolls of fog
 U - 3 scrolls of identify
 Z - 3 scrolls of fear
Potions
 d - 3 potions of agility
 j - 8 potions of curing
 n - 4 potions of flight
 p - 3 potions of magic
 s - a potion of might
 w - 3 potions of cancellation
 E - 5 potions of haste
 Q - a potion of ambrosia
 S - a potion of cure mutation
Books
 W - a book of Alchemy

   Spells                             Type                      Level
   a - Sublimation of Blood           Necromancy                   2
   b - Ignite Poison                  Fire/Transmutation/Poison    3
   c - Petrify                        Transmutation/Earth          4
   d - Alistair's Intoxication        Transmutation/Poison         5
   e - Irradiate                      Conjuration/Transmutation    5
Miscellaneous
 l - a phial of floods
 r - a lamp of fire
 K - a lightning rod (4/4)
 N - a fan of gales
Comestibles
 f - 16 bread rations
 m - 14 beef jerkies
 u - 10 meat rations
 F - 9 royal jellies


   Skills:
 * Level 12.9(11.9) Fighting
 + Level 10.5(9.5) Long Blades
 - Level 11.2(10.2) Axes
 + Level 0.1(0.0) Crossbows
 + Level 4.8(4.0) Throwing
 + Level 9.8(8.8) Armour
 + Level 4.9(4.1) Dodging
 + Level 5.9(5.0) Stealth
 + Level 13.7(12.7) Shields
 + Level 9.6(8.6) Invocations
 + Level 4.2(3.4) Evocations


You had 16 spell levels left.
You didn't know any spells.

Dungeon Overview and Level Annotations

Branches:
Dungeon (13/15)            Temple (0/1) D:5            Lair (6/6) D:9
  Swamp (4/4) Lair:2       Spider (1/4) Lair:2        Slime (0/5) Lair:6
    Orc (2/2) D:10            Elf (3/3) Orc:2
 Vaults: D:13-14

Altars:
Ashenzari
Dithmenos
Fedhas
Gozag
Makhleb
Okawaru
Qazlal
Ru
Uskayaw
Xom
Zin
Beogh
Jiyva

Shops:
D:5 [*(!   D:7 [*   Orc:2 (*(?   Elf:3 }:

Annotations:
D:13 Sonja
Elf:2 3 runed doors


Innate Abilities, Weirdness & Mutations

You have razor-sharp teeth.
You heal very quickly.
When hurt, damage is shared between your health and your magic reserves.
Your bite disrupts and absorbs the magic of your enemies.
Potions cannot restore your health.
You are immune to rotting.


Message History

The deep elf blademaster hits you with a rapier.
* * * LOW HITPOINT WARNING * * *
The deep elf elementalist gestures at you while chanting.
You hear rumbling.
The large abomination hits you but does no damage.
Something hits you.
* * * LOW HITPOINT WARNING * * *
Something hits you but does no damage.
You slash the crawling corpse!
You destroy the crawling corpse!
You feel very sick.
The deep elf death mage seems less brilliant. x2
The deep elf sorcerer seems less brilliant.
The deep elf elementalist seems less brilliant.
You block the deep elf blademaster's attack. x2
The deep elf sorcerer shouts, "You can't withstand my power!"
The deep elf elementalist casts a spell at you.
You hear rumbling.
The deep elf blademaster hits you with a rapier!
You die...

#........# ########.#
#.# #.# ### #.# #
##.## #### #)# ...
##...###..## #)#
...*e#)Y.eX##...####)#
...eeeeYeee@)E.......#
4..3Y#..e.)##...###.##
..ee ##.).####### #.#
#3 ##.## #..## #.# ###
#...###'## #........##
#.........##
#..........##
#..[........####


You could see a deep elf blademaster, a deep elf master archer, 3 deep elf death
magi, a deep elf sorcerer, 2 deep elf elementalists, a large abomination, an
earth elemental, a deep elf mage and 3 ice beasts.

Vanquished Creatures
  Gastronok (Lair:1)
  2 deep elf sorcerers
  Donald (Elf:1)
  3 deep elf elementalists (Elf:3)
  An orc warlord (Orc:2)
  The ghost of knot the Severer, a journeyman DsAs of Okawaru (Orc:1)
  2 deep elf demonologists (Elf:3)
  3 deep elf annihilators (Elf:3)
  A spark wasp (Lair:2)
  A minotaur (Lab)
  A deep elf death mage (Elf:2)
  A fire dragon (Lair:6)
  Fannar (D:12)
  An ice dragon (shapeshifter) (Elf:1)
  9 hydras
  3 ice dragons (Swamp:4)
  A ghost crab (Swamp:1)
  11 dancing weapons
  8 alligators
  9 death yaks
  11 two-headed ogres
  4 orc high priests (Orc:2)
  11 deep elf knights
  4 spriggan druids
  8 deep elf archers
  3 swamp dragons
  A lindwurm (Lair:6)
  A wizard (Elf:1)
  An orb spider (Spider:1)
  6 orc knights
  4 oklob plants (Lair:4)
  2 wolf spiders
  4 orc sorcerers (Orc:2)
  45 deep elf magi
  A cyclops (Orc:2)
  4 ugly things
  3 molten gargoyles (Lair:6)
  6 elephants (Lair:6)
  6 black mambas
  Joseph (D:10)
  20 spiny frogs
  2 gargoyles (Lab)
  A kobold demonologist (Elf:1)
  11 komodo dragons
  4 freezing wraiths (Swamp:4)
  The ghost of lancediamond the Chopper, an amateur MiBe of Trog (D:5)
  A polar bear (Lair:5)
  A meliai (shapeshifter) (Elf:2)
  2 minotaur zombies (Lab)
  2 tyrant leeches
  A jumping spider (Lair:2)
  19 slime creatures
  Grinder (D:3)
  4 trolls
  6 hornets
  7 hippogriffs
  6 bog bodies
  3 spriggans
  2 shadows
  10 redbacks
  2 water elementals
  20 yaks
  A wraith (D:10)
  A wyvern (D:10)
  6 basilisks
  5 tarantellas
  A yak (shapeshifter) (Elf:3)
  A fire elemental (Elf:2)
  A steam dragon (Lair:6)
  5 hungry ghosts
  3 swamp worm simulacra (Swamp:4)
  19 vampire mosquitoes
  11 swamp worms
  Menkaure (D:6)
  8 insubstantial wisps (Swamp:1)
  A warg (Orc:2)
  2 acid dragons
  2 soldier ants (D:8)
  13 hydra simulacra (Swamp:4)
  17 water moccasins
  4 porcupines
  6 hell hounds
  3 black bears
  53 orc warriors
  6 swamp drakes
  6 ice beasts
  2 phantoms
  2 sky beasts
  4 wolves (Lair:5)
  14 ogres
  A boggart (Elf:1)
  3 centaurs
  12 crocodiles
  4 big kobolds
  3 earth elementals
  12 bullfrogs
  A water moccasin skeleton (D:6)
  5 scorpions
  An electric eel (Lair:4)
  4 howler monkeys
  6 crimson imps
  4 lava snakes (Lair:6)
  3 quasits (D:10)
  2 bullfrog zombies (D:10)
  A centaur zombie (D:7)
  35 orc priests
  5 jellies
  2 centaur skeletons
  9 hounds
  18 orc wizards
  4 bullfrog skeletons
  5 hell rats (Lair:1)
  Jessica (D:3)
  4 iguanas
  14 worker ants
  A hound zombie (D:9)
  2 howler monkey zombies (D:6)
  Robin (D:2)
  A worker ant zombie (D:5)
  A howler monkey skeleton (D:4)
  12 adders
  4 river rats (Lair:1)
  2 shadow imps
  2 oozes (D:6)
  5 swamp drake simulacra (Swamp:4)
  An adder skeleton (D:7)
  4 worms
  2 dart slugs
  8 leopard geckos
  106 orcs
  3 bats
  4 giant cockroaches
  14 hobgoblins
  6 jackals
  7 quokkas
  A ball python (D:5)
  5 frilled lizards
  15 goblins
  26 kobolds
  2 leopard gecko skeletons
  A quokka zombie (D:7)
  13 rats
  A crawling corpse (Elf:3)
  2 pillars of salt
  A plant (Lair:4)
923 creatures vanquished.

Vanquished Creatures (collateral kills)
  A warg (Orc:2)
  An orc warrior (Orc:2)
  An orc (Orc:2)
3 creatures vanquished.

Vanquished Creatures (others)
  An azure jelly (Swamp:4)
  A redback (Spider:1)
  2 swamp worms
  An orc warrior (Orc:2)
  An orc priest (Orc:2)
  An adder (D:9)
  3 orcs
  2 fungi (Lair:1)
  A pillar of salt (Swamp:3)
  4 plants
17 creatures vanquished.

Grand Total: 943 creatures vanquished

Notes
Turn   | Place    | Note
-------+----------+-------------------------------------------
     0 | D:1      | terra52 the Vine Stalker Fighter began the quest for the Orb.
     0 | D:1      | Reached XP level 1. HP: 11/11 MP: 2/2
   168 | D:1      | Reached XP level 2. HP: 8/16 MP: 3/3
   481 | D:1      | Reached skill level 3 in Shields
   641 | D:2      | Noticed Robin
   650 | D:2      | Reached XP level 3. HP: 17/20 MP: 4/4
   742 | D:2      | Found a shimmering altar of Xom.
   742 | D:2      | Found a glowing silver altar of Zin.
   742 | D:2      | Noticed an angel
   757 | D:2      | Became a worshipper of Zin the Law-Giver
   758 | D:2      | Donated 26 gold pieces to Zin
   810 | D:2      | Killed Robin
   852 | D:2      | Gained mutation: Your natural rate of healing is unusually fast. [Vine Stalker growth]
   852 | D:2      | Reached XP level 4. HP: 21/24 MP: 5/5
  1325 | D:2      | Reached * piety under Zin
  1392 | D:3      | Reached XP level 5. HP: 28/28 MP: 6/6
  1524 | D:3      | Noticed Jessica
  1532 | D:3      | Killed Jessica
  1532 | D:3      | Reached skill level 1 in Dodging
  1559 | D:3      | Noticed Grinder
  1593 | D:3      | Killed Grinder
  1593 | D:3      | Reached skill level 1 in Invocations
  1593 | D:3      | Reached XP level 6. HP: 17/32 MP: 7/7
  1892 | D:4      | Reached XP level 7. HP: 33/36 MP: 9/9
  1944 | D:4      | Reached ** piety under Zin
  2062 | D:4      | Found a blossoming altar of Fedhas.
  2237 | D:5      | Entered Level 5 of the Dungeon
  2261 | D:5      | Noticed lancediamond's ghost (amateur MiBe)
  2300 | D:5      | Killed lancediamond's ghost
  2300 | D:5      | Reached skill level 5 in Axes
  2300 | D:5      | Reached skill level 4 in Shields
  2408 | D:5      | Found a staircase to the Ecumenical Temple.
  2497 | D:5      | Found a hide-covered altar of Uskayaw.
  2542 | D:5      | Found Gasyat's Armour Shop.
  2542 | D:5      | Found Tukaifuu's Assorted Antiques.
  2546 | D:5      | Found Ferysuge's Antique Weapon Shop.
  2547 | D:5      | Found Liuq's Distillery.
  2598 | D:5      | Gained mutation: You have razor-sharp teeth. [Vine Stalker growth]
  2598 | D:5      | Reached XP level 8. HP: 42/42 MP: 10/10
  2640 | D:5      | Found a sacrificial altar of Ru.
  2988 | D:6      | Noticed Menkaure
  3001 | D:6      | Killed Menkaure
  3001 | D:6      | Reached skill level 1 in Stealth
  3012 | D:6      | Reached *** piety under Zin
  3192 | D:6      | Reached skill level 1 in Throwing
  3856 | D:6      | Reached XP level 9. HP: 43/45 MP: 12/12
  3917 | D:7      | Found Nanafo's Assorted Antiques.
  3947 | D:7      | Found Wemiq's Antique Armour Shoppe.
  3981 | D:7      | Bought a smelly chain mail for 218 gold pieces
  3992 | D:7      | Identified the +6 chain mail "Oklik" {Regen+ rCorr Dex+2} (You bought it in a shop on level 7 of the Dungeon)
  4013 | D:7      | Found a shadowy altar of Dithmenos.
  4145 | D:7      | Noticed a two-headed ogre
  4158 | D:7      | Killed a two-headed ogre
  4158 | D:7      | Reached skill level 5 in Shields
  4200 | D:7      | Found a burning altar of Makhleb.
  4254 | D:7      | Found an opulent altar of Gozag.
  4293 | D:7      | Reached **** piety under Zin
  4394 | D:8      | Noticed a hornet
  4407 | D:7      | Killed a hornet
  4412 | D:7      | Bought a scroll labeled IXEUSM QYGOASIA for 20 gold pieces
  4412 | D:7      | Bought a scroll labeled POTZURHU TUSS for 20 gold pieces
  4435 | D:8      | Noticed a two-headed ogre
  4501 | D:7      | Reached XP level 10. HP: 51/51 MP: 13/13
  4502 | D:7      | Killed a two-headed ogre
  4580 | D:8      | Noticed a two-headed ogre
  4587 | D:8      | Killed a two-headed ogre
  4587 | D:8      | Reached skill level 5 in Fighting
  4619 | D:8      | Reached skill level 6 in Shields
  4847 | D:8      | Reached skill level 5 in Armour
  5127 | D:8      | Noticed a two-headed ogre
  5136 | D:8      | Killed a two-headed ogre
  5136 | D:8      | Reached XP level 11. HP: 44/56 MP: 15/15
  5296 | D:9      | Noticed a death yak
  5311 | D:8      | Reached skill level 10 in Axes
  5342 | D:7      | Bought a scroll labeled GEKIGY PYOLUN for 20 gold pieces
  5342 | D:7      | Bought an inky potion for 18 gold pieces
  5342 | D:7      | Bought a green potion for 18 gold pieces
  5342 | D:7      | Bought a puce potion for 18 gold pieces
  5422 | D:9      | Noticed a death yak
  5430 | D:8      | Noticed a brown ugly thing
  5709 | D:9      | Noticed a death yak
  5711 | D:9      | Noticed a death yak
  5713 | D:9      | Noticed a death yak
  5731 | D:9      | Noticed a death yak
  5732 | D:9      | Noticed a death yak
  5735 | D:9      | Killed a death yak
  5735 | D:9      | Reached skill level 7 in Shields
  5741 | D:9      | Killed a death yak
  5748 | D:9      | Killed a death yak
  5754 | D:9      | Killed a death yak
  5762 | D:9      | Killed a death yak
  5767 | D:9      | Killed a death yak
  5860 | D:9      | Reached ***** piety under Zin
  5923 | D:9      | Found a staircase to the Lair.
  5960 | D:9      | Found an iron altar of Okawaru.
  5960 | D:9      | Found a shattered altar of Ashenzari.
  6037 | D:9      | Identified Gepibao's Papyrus of Contamination and the Entourage
  6050 | D:9      | Found a stormy altar of Qazlal.
  6142 | D:10     | Entered Level 10 of the Dungeon
  6142 | D:10     | Noticed a two-headed ogre
  6156 | D:9      | Killed a two-headed ogre
  6156 | D:9      | Reached skill level 8 in Shields
  6226 | D:10     | Got a spiked chain mail
  6237 | D:10     | Identified the +0 chain mail "Mojaur" {+Blink} (You found it on level 10 of the Dungeon)
  6296 | D:10     | Noticed Joseph
  6315 | D:10     | Killed Joseph
  6384 | D:10     | Noticed a two-headed ogre
  6407 | D:10     | Killed a two-headed ogre
  6407 | D:10     | Reached skill level 5 in Invocations
  6407 | D:10     | Gained mutation: You heal very quickly. [Vine Stalker growth]
  6407 | D:10     | Reached XP level 12. HP: 19/61 MP: 10/16
  6876 | D:10     | Found a staircase to the Orcish Mines.
  6931 | Orc:1    | Entered Level 1 of the Orcish Mines
  6934 | Orc:1    | Noticed knot's ghost (journeyman DsAs)
  7099 | D:5      | Bought 3 murky ruby potions for 81 gold pieces
  8201 | D:11     | Noticed a two-headed ogre
  8212 | D:11     | Killed a two-headed ogre
  8269 | D:11     | Reached skill level 9 in Shields
  8370 | D:11     | Found a shadowy altar of Dithmenos.
  8882 | D:12     | Found a stormy altar of Qazlal.
  9232 | D:12     | Noticed Fannar
  9245 | D:12     | Killed Fannar
  9655 | D:13     | Found a labyrinth entrance.
  9671 | Lab      | Entered a labyrinth
  9696 | Lab      | Found an exit through the horrors of the Abyss.
  9872 | Lab      | Reached XP level 13. HP: 68/68 MP: 18/18
  9925 | Lab      | Noticed a minotaur
  9940 | Lab      | Killed a minotaur
  9952 | Lab      | Got an encrusted ring mail
  9964 | Lab      | Identified the cursed +1 ring mail of Absolutism {*Slow rF+ rCorr Dex+3} (You found it in a labyrinth)
 10165 | D:13     | Reached skill level 10 in Shields
 10178 | D:13     | Noticed Sonja
 10782 | D:5      | Bought a scroll labeled GIUFO WEUDEFI for 30 gold pieces
 10901 | Lair:1   | Entered Level 1 of the Lair of Beasts
 11130 | Lair:1   | Reached ****** piety under Zin
 11203 | Lair:1   | Reached skill level 1 in Evocations
 11505 | Lair:1   | Noticed Gastronok
 11651 | D:5      | Bought a runed war axe for 237 gold pieces
 11840 | Lair:1   | Killed Gastronok
 12230 | Lair:2   | Found a staircase to the Swamp.
 12284 | Lair:2   | Got a twisted robe
 12357 | Lair:2   | Identified the +2 robe of Sunlight {rPois} (You found it on level 2 of the Lair of Beasts)
 12446 | Lair:2   | Found a hole to the Spider Nest.
 12832 | Swamp:1  | Entered Level 1 of the Swamp
 13118 | Lair:3   | You fall through a shaft!
 13125 | Lair:4   | Reached skill level 11 in Shields
 13553 | Lair:4   | Reached XP level 14. HP: 67/75 MP: 20/20
 14626 | Lair:6   | Entered Level 6 of the Lair of Beasts
 14762 | Lair:6   | Found a large runed door.
 14763 | Lair:6   | Found a large runed door.
 14771 | Lair:6   | Reached skill level 10 in Fighting
 15056 | D:7      | Bought a crude chain mail for 218 gold pieces
 15066 | D:7      | Identified the cursed +0 chain mail "Puady" {MR+} (You bought it in a shop on level 7 of the Dungeon)
 15957 | Lair:6   | Found a viscous altar of Jiyva.
 15957 | Lair:6   | Found a staircase to the Slime Pits.
 17045 | Spider:1 | Entered Level 1 of the Spider Nest
 17120 | Spider:1 | Noticed an entropy weaver
 17239 | Swamp:1  | Reached XP level 15. HP: 81/81 MP: 22/22
 17418 | Swamp:1  | Reached skill level 12 in Shields
 17733 | Swamp:1  | Got a smoking scimitar
 17734 | Swamp:1  | Identified the +10 scimitar "Acoizeuf" {holy, *Drain +Blink MR+++ Str-3} (You found it on level 1 of the Swamp)
 18021 | Swamp:2  | Reached skill level 1 in Long Blades
 18172 | Swamp:2  | Got a polished mace
 18173 | Swamp:2  | Identified the +5 mace of Fate {crush, *Noise rF+ Str+2 Int+6} (You found it on level 2 of the Swamp)
 19025 | Swamp:4  | Entered Level 4 of the Swamp
 19295 | Swamp:4  | Reached skill level 5 in Long Blades
 19708 | Swamp:4  | Killed an azure jelly
 19751 | Swamp:4  | Got a decaying rune of Zot
 20269 | Orc:2    | Entered Level 2 of the Orcish Mines
 20284 | Orc:2    | Reached XP level 16. HP: 75/88 MP: 23/23
 20477 | Orc:1    | Killed knot's ghost
 21142 | Orc:2    | Found a roughly hewn altar of Beogh.
 21163 | Orc:2    | Found Ziwokaf's Antique Weapon Shop.
 21180 | Orc:2    | Bought a slimy hand axe for 224 gold pieces
 21180 | Orc:2    | Bought an ivory hand crossbow for 238 gold pieces
 21180 | Orc:2    | Identified the +8 hand crossbow of Ysaici Hobli {elec, rF+ Int+3 Dex+4 SInv} (You bought it in a shop on level 2 of the Orcish Mines)
 21181 | Orc:2    | Identified the +5 hand axe of Vengeance {chop, rPois} (You bought it in a shop on level 2 of the Orcish Mines)
 21470 | Orc:2    | Found a staircase to the Elven Halls.
 21525 | Orc:2    | Reached skill level 5 in Stealth
 21765 | Orc:2    | Found a roughly hewn altar of Beogh.
 21824 | Orc:2    | Found Suyxeng's Magic Scroll Boutique.
 21834 | Orc:2    | Found Ofoca's Weapon Shop.
 22103 | Orc:2    | Found Citsisas's General Store.
 22366 | Elf:1    | Entered Level 1 of the Elven Halls
 22436 | Elf:1    | Noticed Donald
 22446 | Elf:1    | Killed Donald
 22698 | Elf:1    | Reached skill level 13 in Shields
 23449 | Elf:2    | Reached XP level 17. HP: 94/94 MP: 24/24
 23597 | Elf:2    | Got a bloodstained flail
 23604 | Elf:2    | Identified the +7 flail "Banehed" {freeze, Stlth+} (You found it on level 2 of the Elven Halls)
 23648 | Elf:2    | Found a runed gate.
 23648 | Elf:2    | Found a runed gate.
 23648 | Elf:2    | Found a runed gate.
 24069 | Elf:3    | Entered Level 3 of the Elven Halls
 24122 | Elf:3    | Found Feti's Gadget Emporium.
 24131 | Elf:3    | Reached skill level 10 in Long Blades
 24213 | Elf:3    | Found Jaap Muwam's Book Boutique.
 24315 | Elf:3    | Noticed a Brimstone Fiend
 24391 | Elf:3    | Noticed a deep elf blademaster
 24392 | Elf:3    | Noticed a deep elf blademaster
 24402 | Elf:3    | Noticed a deep elf master archer
 24408 | Elf:3    | HP: 3/94 [something (2)]
 24409 | Elf:3    | Mangled by a deep elf blademaster

Vault maps used:
D:1:      lemuel_arrival_room, minmay_cupped
D:2:      grunt_temple_overflow_order_and_chaos_1, first_bread,
          kennysheep_potato, uniq_robin
D:3:      uniq_jessica, uniq_grinder
D:4:      kennysheep_little_box, serial_curves, eino_curves_03, eino_curves_02
D:5:      hangedman_ru_absence, eat_drink_and_be_merry_uskayaw,
          minmay_shop_grid_forest
D:6:      wad_rectangle_vault, uniq_menkaure
D:7:      makhleb_heckhound_becter, lemuel_doored_altar, serial_shops, shop,
          shop, nicolae_dithmenos_shadow_blocks
D:8:      hangedman_pestilent_swarm
D:9:      gammafunk_temple_overflow_statue, dpeg_lair_monsters,
          nicolae_qazlal_eye_of_the_storm
D:10:     erik_orc_1, uniq_joseph
D:11:     basic_altar, st_stairs_7
D:12:     basic_altar, spider_trap, lemuel_flamethrower_3, uniq_fannar
D:13:     erik_vaults_1, lab_entry_generic, uniq_sonja
Lair:1:   kennysheep_abandoned_house, uniq_gastronok
Lair:2:   minmay_swamp_entry_worms, spider_nest_entry_web_field
Lair:3:   grunt_megastairs_4
Lair:4:   cheibrodos_lair_caveside_slide, st_stairs_12,
          minmay_lair_oklob_chamber, infiniplex_staircase_pool_2
Lair:6:   cheibrodos_lair_end_hotspot, slime_altar_1
Swamp:1:  infiniplex_staircase_pool
Swamp:2:  nicolae_swamp_round_clearing
Swamp:3:  nicolae_swamp_rocky_clearing, swamp_pool5
Swamp:4:  swamp_icy
Spider:1: cheibrodos_forgotten_conduit
Orc:2:    pubby_orc_utopia, serial_shops
Elf:1:    hangedman_elf_disciples, uniq_donald
Elf:2:    elves_outpost_lemuel
Elf:3:    grunt_elf_hall_diamonds, serial_shops, nicolae_shop_window_shopping,
          nicolae_shop_competitors_out_of_business, nicolae_shop_crystal, shop,
          uniq_nikola
Lab:      labyrinth_hidden_loot, nicolae_lab_hexagon, labyrinth_fake_exit,
          nicolae_lab_garden, nicolae_lab_grate_2, nicolae_lab_statue,
          labyrinth_skeletal_remains, nicolae_lab_flowing_pool,
          nicolae_lab_do_over, nicolae_lab_starburst

Skill      XL: |  1  2  3  4  5  6  7  8  9 10 11 12 13 14 15 16 17 |
---------------+----------------------------------------------------+-----
Fighting       | 3 4 5 6 7 9 10 11 12 | 12.9
Shields        | 3 4 5 6 8 9 11 12 13 | 13.7
Axes           | 2 3 4 5 6 8 9 10 11 | 11.2
Armour         | 3 4 5 6 7 8 9 |  9.8
Dodging        | 1 2 3 4 |  4.9
Invocations    | 1 2 3 4 5 6 7 8 9 |  9.6
Stealth        | 2 3 4 5 |  5.9
Throwing       | 1 3 4 |  4.8
Evocations     | 1 3 4 |  4.2
Long Blades    | 6 9 10 | 10.5
Crossbows      | |  0.1

Action                   |  1- 3 |  4- 6 |  7- 9 | 10-12 | 13-15 | 16-18 || total
-------------------------+-------+-------+-------+-------+-------+-------++-------
Melee: War axe           |    68 |   133 |   272 |   762 |     7 |       ||  1242
       Bite              |    16 |    29 |    93 |   358 |   517 |   265 ||  1278
       Flail             |       |       |       |    32 |    28 |       ||    60
       Morningstar       |       |       |       |       |   753 |       ||   753
       Scimitar          |       |       |       |       |   335 |   665 ||  1000
 Fire: Hand crossbow     |       |       |       |     3 |       |       ||     3
Throw: Javelin           |       |       |     6 |    19 |    10 |     4 ||    39
Invok: Donate Gold       |     1 |       |       |       |       |       ||     1
       Recite            |       |     5 |    14 |    31 |    18 |    27 ||    95
       Vitalisation      |       |       |     1 |     1 |     1 |       ||     3
 Abil: Evoke Invisibilit |       |       |       |       |     4 |       ||     4
       Evoke Berserk Rag |       |       |       |       |     1 |       ||     1
       Evoke Blink       |       |       |       |       |     3 |       ||     3
Evoke: Wand              |       |       |       |     2 |     6 |       ||     8
       Phial of floods   |       |       |       |     1 |     1 |     1 ||     3
       Lightning rod     |       |       |       |       |     4 |     4 ||     8
       Lamp of fire      |       |       |       |       |       |     2 ||     2
  Use: Scroll            |     1 |       |     2 |    18 |    18 |     7 ||    46
       Potion            |       |       |     1 |     6 |     4 |       ||    11
 Stab: Confused          |       |       |     2 |     6 |       |    11 ||    19
       Invisible         |       |       |       |     6 |     5 |     3 ||    14
       Paralysed         |       |       |       |     1 |       |    19 ||    20
  Eat: Chunk             |       |     4 |     9 |    14 |    24 |     2 ||    53
       Pizza             |       |       |       |     3 |     2 |     1 ||     6
       Fruit             |       |       |       |       |    16 |     8 ||    24
       Royal jelly       |       |       |       |       |       |     4 ||     4
Armor: Scale mail        |    34 |    84 |       |       |       |       ||   118
       Chain mail        |       |       |    52 |   270 |   620 |   212 ||  1154
       Ice dragon scales |       |       |    57 |       |       |       ||    57
Dodge: Dodged            |    16 |    52 |    54 |   106 |   316 |    96 ||   640
Block: Shield            |    42 |    63 |       |       |       |       ||   105
       Large shield      |       |    16 |   218 |   631 |  1317 |   645 ||  2827
       Rpst.: Scimitar   |       |       |       |       |    31 |    19 ||    50
